AoeStats
← Juanchilagos

Marketplace

504882916Analyzed
1v1 RM · 24d ago on Sep 6, 2026· 40m 34s· 2 players
Game mode
Random Map
Map size
Tiny (2 player)
Population
200
Speed
Normal
Resources
Standard
Victory
Conquest
Starting age
Dark Age
Ending age
Imperial Age
RankedLock teamsTeams togetherTeam positionsShared explorationLock speedFull tech treeHidden civsTurbo modeCheats
Victory
Defeat
🇨🇱 Saracens · Chile
1136
+17
🇦🇷 Bohemians · Argentina
1162
-17
SomnolentDuke13
10:01 Loom
11:47 Feudal Age
15:11 Double-Bit Axe
17:53 Castle Age
16:08 Horse Collar
16:27 Gold Mining
19:11 Scale Barding Armor
19:18 Bow Saw
29:41 Forging
32:43 Heavy Plow
32:53 Husbandry
33:04 Bloodlines
39:01 Imperial Age
36:58 Light Cavalry
38:05 Chain Barding Armor
Juanchilagos
7:02 Loom
11:02 Feudal Age
15:50 Castle Age
15:08 Double-Bit Axe
22:16 Redemption
26:11 Fletching
26:04 Horse Collar
28:37 Caravan
35:20 Imperial Age
38:29 Fervor
Connection lost

Rejoining the realm…

Still unreachable

The connection could not be restored.

Session expired

The server has moved on; the page needs a fresh start.